Connexion

Moose vs Bruins

Created - 29 avril 2024 at 05:55

Goals
1 2 3 T
Moose 1 0 2 3
Bruins 2 0 2 4
Shots
1 2 3 T
Moose 7 7 14 28
Bruins 16 10 15 41

GoalsPenalties
1st period
1. Bruins , Michal Kempny 2 (Reilly Walsh 5, Derek Grant 6) at 1:27 (PP)
2. Moose , Jacob Nilsson 3 (Jake Virtanen 8, Alec Regula 6) at 5:28
3. Bruins , Bryce Kindopp 7 (Derek Grant 7, Nathan Bastian 9) at 18:10
Josh Brook (PRO) for Fighting (Major) at 0:41
Mathieu Olivier (MAN) for Fighting (Major) at 0:41
Mathieu Olivier (MAN) for instigated a fight (Game Misconduct) at 0:41
Nikita Scherbak (MAN) for Diving (Minor) at 12:06
2nd period
No Goal
Jesse Graham (PRO) for High sticking (Minor) at 3:57
Jake Virtanen (MAN) for Elbowing (Minor) at 7:43
Pierre Engvall (MAN) for Cross-checking (Minor) at 15:51
3rd period
4. Bruins , Derek Grant 6 (Michal Kempny 1, Nathan Bastian 10) at 1:39
5. Moose , Ryan Mcleod 6 (Alec Regula 7) at 2:55
6. Moose , Pierre Engvall 2 (Jake Virtanen 9, Alec Regula 8) at 17:19 (PP)
7. Bruins , Jansen Harkins 1 (Darren Dietz 2, Hunter Shinkaruk 2) at 17:46
Michal Kempny (PRO) for Boarding (Minor) at 4:04
Igor Shvyrev (PRO) for Tripping (Minor) at 10:56
Jake Virtanen (MAN) for Cross-checking (Minor) at 10:56
Michael Teply (PRO) for High sticking (Double Minor) at 13:33
Goalie Stats
Kaden Fulcher (MAN), 37 saves from 41 shots - (0,902), L, 6-2-0, 59:01 minutes
Joey Daccord (PRO), 25 saves from 28 shots - (0,893), W, 6-2-0, 60:00 minutes
3 StarsOfficial
1 - Derek Grant (PRO)
2 - Nathan Bastian (PRO)
3 - Michal Kempny (PRO)
Referees : Rob Shick and Mike Leggo
Linesman : Michel Cormier and Brian Murphy
Game Note
Mathieu Olivier beats up Josh Brook at 0:41 of 1st period
Mathieu Olivier (MAN) for instigated a fight (Game Misconduct) at 0:41
Mathieu Olivier ejected from game at 0:41 of 1st period
Finance
Level 1 -- Attendance: 2000 (100,00%) -- Ticket Income $70,000
Level 2 -- Attendance: 1000 (100,00%) -- Ticket Income $15,000
Total Attendance: 3000 (100,00%)
Total Ticket Income: $85,000
Other Income: $17,000
Total Income: $102,000



Team Name Goals Shots Shots Attemp Shots Blocked PIM HIT PP PK FO%
Moose 32863825181 / 4 (25%)144%
Bruins 441801015171 / 4 (25%)156%

Moose
Player Name POS G A P +/- PIM HIT SHT SB MP PP MP PP SHT PK MP PK SHT FO% FOT
Alec RegulaD0330001012:000:4200:0000% 0
Cameron SchillingD000-1010021:563:2903:2200% 0
Damien GirouxC/LW000-1014018:013:2910:33060% 20
Derrick PouliotD000-1023121:563:2933:2200% 0
Fredrik ClaessonD0000021226:193:3303:0700% 0
Isaac RatcliffeLW000000001:310:0000:0000% 0
Jacob NilssonC/LW1011001122:444:1503:11038% 29
Jake VirtanenRW0221413023:354:1522:33029% 7
Mathieu OlivierLW/RW0000171000:360:0000:0000% 0
Nikita ScherbakLW/RW000-1226118:313:2911:04025% 4
Patrick MaroonLW000000003:250:5901:5000% 3
Pierre EngvallLW/RW1011205025:074:1532:1300% 3
Remi ElieLW000-1010014:560:0002:02033% 3
Ryan DmowskiLW000-1010017:152:3000:00040% 5
Ryan McleodC101-1033012:460:0000:00063% 19
Thomas Hickey D0000020226:464:1503:2100% 0
Tyler SteenbergenC/LW/RW000-1010012:460:0000:0000% 0
Wyatte WylieD0000001111:030:0000:1400% 0
Bruins
Player Name POS G A P +/- PIM HIT SHT SB MP PP MP PP SHT PK MP PK SHT FO% FOT
Bryce KindoppRW1011005023:384:0404:25071% 17
Darren DietzD0110010112:500:0000:0000% 0
Derek GrantC/LW/RW1231025020:134:0422:15060% 5
Hunter ShinkarukC/LW/RW0110014014:432:3910:0000% 0
Igor ShvyrevC0000201011:300:0000:00058% 19
Jakob Forsbacka-KarlssonC000000106:530:0000:26017% 6
Jansen HarkinsC1010025117:202:3902:15065% 17
Jesse GrahamD0000221113:570:0001:0100% 0
Josh BrookD0000510221:082:4603:5200% 0
Julius HonkaD0000002222:592:4613:5700% 0
Matej StranskyLW/RW0000012011:310:0000:0000% 1
Michael TeplyLW0000402012:120:0000:4200% 0
Michal KempnyD1121213223:583:5722:4600% 0
Nathan BastianC/RW0221054023:144:0404:01052% 27
Reid BoucherC/LW/RW0000001014:432:3900:0000% 1
Reilly WalshD0111003125:053:5723:5200% 0
Ryan O'ReillyRW000001206:270:0000:0000% 0
Tyler WeissLW000000007:510:0001:2400% 0



Play-by-Play

1st period


0:01 of 1st period - Nathan Bastian wins face-off versus Jacob Nilsson in neutral zone.
0:04 of 1st period - Shot by Derek Grant.
0:04 of 1st period - Stopped by Kaden Fulcher without a rebound.
0:05 of 1st period - Jansen Harkins wins face-off versus Damien Giroux in Moose zone.
0:12 of 1st period - Reid Boucher is hit by Mathieu Olivier and loses puck.
0:25 of 1st period - Damien Giroux is hit by Hunter Shinkaruk and loses puck.
0:41 of 1st period - Mathieu Olivier beats up Josh Brook.
0:41 of 1st period - Penalty to Josh Brook for Fighting.
0:41 of 1st period - Penalty to Mathieu Olivier for Fighting.
0:41 of 1st period - Penalty to Mathieu Olivier for instigated a fight.
0:41 of 1st period - Mathieu Olivier is ejected from game.
0:42 of 1st period - Nathan Bastian wins face-off versus Jake Virtanen in Bruins zone.
0:57 of 1st period - Shot by Reilly Walsh.
0:57 of 1st period - Stopped by Kaden Fulcher without a rebound.
0:58 of 1st period - Nathan Bastian wins face-off versus Nikita Scherbak in Moose zone.
1:14 of 1st period - Derek Grant is hit by Thomas Hickey and loses puck.
1:19 of 1st period - Shot by Nathan Bastian.
1:19 of 1st period - Shot Misses the Net.
1:21 of 1st period - Shot by Derek Grant.
1:21 of 1st period - Shot Blocked by Fredrik Claesson.
1:23 of 1st period - Shot by Reilly Walsh.
1:23 of 1st period - Shot Blocked by Thomas Hickey .
1:27 of 1st period - Shot by Michal Kempny.
1:27 of 1st period - Goal by Michal Kempny - Moose : 0 - Bruins : 1.
1:28 of 1st period - Igor Shvyrev wins face-off versus Ryan Mcleod in neutral zone.
1:39 of 1st period - Shot by Matej Stransky.
1:39 of 1st period - Deflect By Igor Shvyrev.
1:39 of 1st period - Shot Misses the Net.
1:56 of 1st period - Shot by Michael Teply.
1:56 of 1st period - Shot Hit the Post.
2:00 of 1st period - Shot by Darren Dietz.
2:00 of 1st period - Shot Blocked by Wyatte Wylie.
2:02 of 1st period - Shot by Igor Shvyrev.
2:02 of 1st period - Shot Misses the Net.
2:04 of 1st period - Shot by Michael Teply.
2:04 of 1st period - Stopped by Kaden Fulcher without a rebound.
2:05 of 1st period - Jacob Nilsson wins face-off versus Jakob Forsbacka-Karlsson in Moose zone.
2:28 of 1st period - Shot by Reilly Walsh.
2:28 of 1st period - Deflect By Jakob Forsbacka-Karlsson.
2:28 of 1st period - Shot Misses the Net.
2:42 of 1st period - Shot by Fredrik Claesson.
2:42 of 1st period - Stopped by Joey Daccord without a rebound.
2:43 of 1st period - Damien Giroux wins face-off versus Derek Grant in Bruins zone.
2:46 of 1st period - Shot by Nikita Scherbak.
2:46 of 1st period - Shot Misses the Net.
2:59 of 1st period - Bryce Kindopp is hit by Derrick Pouliot and loses puck.
3:04 of 1st period - Shot by Derek Grant.
3:04 of 1st period - Shot Misses the Net.
3:14 of 1st period - Julius Honka is hit by Nikita Scherbak and loses puck.
3:59 of 1st period - Shot by Jake Virtanen.
3:59 of 1st period - Shot Misses the Net.
4:07 of 1st period - Shot by Pierre Engvall.
4:07 of 1st period - Deflect By Jake Virtanen.
4:07 of 1st period - Shot Blocked by Reilly Walsh.
4:09 of 1st period - Shot by Wyatte Wylie.
4:09 of 1st period - Stopped by Joey Daccord without a rebound.
4:10 of 1st period - Igor Shvyrev wins face-off versus Ryan Mcleod in Bruins zone.
4:10 of 1st period - Igor Shvyrev is hit by Tyler Steenbergen.
4:26 of 1st period - Shot by Igor Shvyrev.
4:26 of 1st period - Shot Blocked by Thomas Hickey .
4:50 of 1st period - Remi Elie is hit by Jesse Graham and loses puck.
5:22 of 1st period - Shot by Jacob Nilsson.
5:22 of 1st period - Shot Misses the Net.
5:24 of 1st period - Shot by Alec Regula.
5:24 of 1st period - Shot Misses the Net.
5:26 of 1st period - Shot by Jake Virtanen.
5:26 of 1st period - Shot Blocked by Michal Kempny.
5:28 of 1st period - Shot by Jacob Nilsson.
5:28 of 1st period - Goal by Jacob Nilsson - Moose : 1 - Bruins : 1.
5:29 of 1st period - Jansen Harkins wins face-off versus Nikita Scherbak in neutral zone.
5:54 of 1st period - Shot by Hunter Shinkaruk.
5:54 of 1st period - Shot Misses the Net.
8:04 of 1st period - Shot by Jansen Harkins.
8:04 of 1st period - Deflect By Reid Boucher.
8:04 of 1st period - Shot Misses the Net.
8:20 of 1st period - Shot by Hunter Shinkaruk.
8:20 of 1st period - Deflect By Jansen Harkins.
8:20 of 1st period - Shot Misses the Net.
8:24 of 1st period - Shot by Jansen Harkins.
8:24 of 1st period - Shot Misses the Net.
8:54 of 1st period - Cameron Schilling is hit by Nathan Bastian and loses puck.
9:15 of 1st period - Shot by Nikita Scherbak.
9:15 of 1st period - Stopped by Joey Daccord without a rebound.
9:16 of 1st period - Igor Shvyrev wins face-off versus Pierre Engvall in Bruins zone.
10:10 of 1st period - Shot by Derek Grant.
10:10 of 1st period - Shot Misses the Net.
10:12 of 1st period - Shot by Julius Honka.
10:12 of 1st period - Shot Misses the Net.
10:58 of 1st period - Shot by Jansen Harkins.
10:58 of 1st period - Deflect By Hunter Shinkaruk.
10:58 of 1st period - Stopped by Kaden Fulcher without a rebound.
10:59 of 1st period - Ryan Mcleod wins face-off versus Igor Shvyrev in Moose zone.
11:03 of 1st period - Icing by Remi Elie.
11:04 of 1st period - Ryan Mcleod wins face-off versus Igor Shvyrev in Moose zone.
11:27 of 1st period - Shot by Ryan Mcleod.
11:27 of 1st period - Shot Misses the Net.
11:58 of 1st period - Icing by Derrick Pouliot.
11:59 of 1st period - Damien Giroux wins face-off versus Nathan Bastian in Moose zone.
12:04 of 1st period - Bryce Kindopp is hit by Damien Giroux and loses puck.
12:06 of 1st period - Minor Penalty to Nikita Scherbak for Diving.
12:07 of 1st period - Nathan Bastian wins face-off versus Jake Virtanen in Moose zone.
12:19 of 1st period - Icing by Reilly Walsh.
12:20 of 1st period - Jake Virtanen wins face-off versus Bryce Kindopp in Bruins zone.
13:23 of 1st period - Shot by Hunter Shinkaruk.
13:23 of 1st period - Shot Blocked by Derrick Pouliot.
13:43 of 1st period - Shot by Hunter Shinkaruk.
13:43 of 1st period - Shot Hit the Post.
14:41 of 1st period - Shot by Jakob Forsbacka-Karlsson.
14:41 of 1st period - Stopped by Kaden Fulcher without a rebound.
14:42 of 1st period - Ryan Mcleod wins face-off versus Igor Shvyrev in Moose zone.
14:44 of 1st period - Icing by Thomas Hickey .
14:45 of 1st period - Igor Shvyrev wins face-off versus Ryan Mcleod in Moose zone.
14:48 of 1st period - Shot by Igor Shvyrev.
14:48 of 1st period - Shot Misses the Net.
14:54 of 1st period - Shot by Matej Stransky.
14:54 of 1st period - Deflect By Michael Teply.
14:54 of 1st period - Stopped by Kaden Fulcher with a rebound.
15:08 of 1st period - Shot by Michael Teply.
15:08 of 1st period - Shot Blocked by Fredrik Claesson.
15:10 of 1st period - Shot by Julius Honka.
15:10 of 1st period - Stopped by Kaden Fulcher with a rebound.
15:50 of 1st period - Shot by Nathan Bastian.
15:50 of 1st period - Stopped by Kaden Fulcher without a rebound.
15:51 of 1st period - Jansen Harkins wins face-off versus Jacob Nilsson in Moose zone.
15:53 of 1st period - Reid Boucher is hit by Derrick Pouliot.
15:59 of 1st period - Shot by Jansen Harkins.
15:59 of 1st period - Stopped by Kaden Fulcher without a rebound.
16:00 of 1st period - Jacob Nilsson wins face-off versus Nathan Bastian in Moose zone.
16:00 of 1st period - Jacob Nilsson is hit by Derek Grant.
16:03 of 1st period - Icing by Pierre Engvall.
16:04 of 1st period - Nathan Bastian wins face-off versus Jacob Nilsson in Moose zone.
16:23 of 1st period - Icing by Cameron Schilling.
16:24 of 1st period - Jansen Harkins wins face-off versus Jacob Nilsson in Moose zone.
16:38 of 1st period - Shot by Jansen Harkins.
16:38 of 1st period - Shot Misses the Net.
16:42 of 1st period - Shot by Jansen Harkins.
16:42 of 1st period - Stopped by Kaden Fulcher with a rebound.
16:49 of 1st period - Off-side.
16:50 of 1st period - Damien Giroux wins face-off versus Nathan Bastian in neutral zone.
16:57 of 1st period - Shot by Nikita Scherbak.
16:57 of 1st period - Stopped by Joey Daccord without a rebound.
16:58 of 1st period - Nikita Scherbak wins face-off versus Nathan Bastian in Bruins zone.
17:19 of 1st period - Shot by Damien Giroux.
17:19 of 1st period - Stopped by Joey Daccord with a rebound.
17:31 of 1st period - Shot by Nikita Scherbak.
17:31 of 1st period - Stopped by Joey Daccord without a rebound.
17:32 of 1st period - Jansen Harkins wins face-off versus Jacob Nilsson in Bruins zone.
17:47 of 1st period - Shot by Reid Boucher.
17:47 of 1st period - Shot Misses the Net.
17:57 of 1st period - Shot by Hunter Shinkaruk.
17:57 of 1st period - Stopped by Kaden Fulcher with a rebound.
17:59 of 1st period - Shot by Jansen Harkins.
17:59 of 1st period - Shot Blocked by Jacob Nilsson.
18:01 of 1st period - Shot by Hunter Shinkaruk.
18:01 of 1st period - Stopped by Kaden Fulcher without a rebound.
18:02 of 1st period - Ryan Mcleod wins face-off versus Igor Shvyrev in Moose zone.
18:04 of 1st period - Icing by Tyler Steenbergen.
18:05 of 1st period - Nathan Bastian wins face-off versus Ryan Mcleod in Moose zone.
18:08 of 1st period - Shot by Derek Grant.
18:08 of 1st period - Shot Misses the Net.
18:10 of 1st period - Shot by Bryce Kindopp.
18:10 of 1st period - Goal by Bryce Kindopp - Moose : 1 - Bruins : 2.
18:11 of 1st period - Jacob Nilsson wins face-off versus Nathan Bastian in neutral zone.
18:11 of 1st period - Jacob Nilsson is hit by Nathan Bastian.
18:25 of 1st period - Shot by Bryce Kindopp.
18:25 of 1st period - Stopped by Kaden Fulcher without a rebound.
18:26 of 1st period - Damien Giroux wins face-off versus Jansen Harkins in Moose zone.
18:40 of 1st period - Off-side.
18:41 of 1st period - Nathan Bastian wins face-off versus Jacob Nilsson in neutral zone.
18:41 of 1st period - Bryce Kindopp is hit by Jake Virtanen and loses puck.
18:45 of 1st period - Michal Kempny is hit by Thomas Hickey and loses puck.
19:45 of 1st period - Shot by Reid Boucher.
19:45 of 1st period - Shot Misses the Net.
19:47 of 1st period - Shot by Jansen Harkins.
19:47 of 1st period - Shot Misses the Net.
19:49 of 1st period - Shot by Jesse Graham.
19:49 of 1st period - Stopped by Kaden Fulcher without a rebound.
19:50 of 1st period - Ryan Mcleod wins face-off versus Igor Shvyrev in Moose zone.
19:50 of 1st period - Ryan Mcleod is hit by Matej Stransky.
19:55 of 1st period - Tyler Steenbergen is hit by Josh Brook and loses puck.
Goals for this period are 1 for Moose vs 2 for Bruins.
Shots for this period are 7 for Moose vs 16 for Bruins.

2nd period


0:01 of 2nd period - Jacob Nilsson wins face-off versus Nathan Bastian in neutral zone.
0:10 of 2nd period - Shot by Pierre Engvall.
0:10 of 2nd period - Shot Misses the Net.
0:17 of 2nd period - Jake Virtanen is hit by Michal Kempny and loses puck.
1:46 of 2nd period - Shot by Matej Stransky.
1:46 of 2nd period - Stopped by Kaden Fulcher without a rebound.
1:47 of 2nd period - Jakob Forsbacka-Karlsson wins face-off versus Ryan Mcleod in Moose zone.
1:55 of 2nd period - Off-side.
1:56 of 2nd period - Ryan Mcleod wins face-off versus Igor Shvyrev in neutral zone.
2:30 of 2nd period - Shot by Alec Regula.
2:30 of 2nd period - Stopped by Joey Daccord without a rebound.
2:31 of 2nd period - Nathan Bastian wins face-off versus Jacob Nilsson in Bruins zone.
2:52 of 2nd period - Shot by Pierre Engvall.
2:52 of 2nd period - Shot Blocked by Josh Brook.
3:57 of 2nd period - Minor Penalty to Jesse Graham for High sticking.
3:58 of 2nd period - Damien Giroux wins face-off versus Bryce Kindopp in Bruins zone.
3:59 of 2nd period - Shot by Derrick Pouliot.
3:59 of 2nd period - Stopped by Joey Daccord with a rebound.
5:30 of 2nd period - Shot by Nikita Scherbak.
5:30 of 2nd period - Stopped by Joey Daccord without a rebound.
5:31 of 2nd period - Bryce Kindopp wins face-off versus Jacob Nilsson in Bruins zone.
5:46 of 2nd period - Shot by Pierre Engvall.
5:46 of 2nd period - Shot Misses the Net.
5:48 of 2nd period - Shot by Jake Virtanen.
5:48 of 2nd period - Shot Misses the Net.
5:50 of 2nd period - Shot by Jake Virtanen.
5:50 of 2nd period - Shot Misses the Net.
5:52 of 2nd period - Shot by Pierre Engvall.
5:52 of 2nd period - Stopped by Joey Daccord with a rebound.
5:54 of 2nd period - Shot by Pierre Engvall.
5:54 of 2nd period - Stopped by Joey Daccord with a rebound.
5:56 of 2nd period - Shot by Jacob Nilsson.
5:56 of 2nd period - Shot Misses the Net.
5:58 of 2nd period - Shot by Wyatte Wylie.
5:58 of 2nd period - Shot Blocked by Jesse Graham.
6:00 of 2nd period - Shot by Alec Regula.
6:00 of 2nd period - Shot Misses the Net.
6:02 of 2nd period - Shot by Ryan Mcleod.
6:02 of 2nd period - Stopped by Joey Daccord without a rebound.
6:03 of 2nd period - Ryan Mcleod wins face-off versus Igor Shvyrev in Bruins zone.
6:04 of 2nd period - Shot by Tyler Steenbergen.
6:04 of 2nd period - Shot Blocked by Darren Dietz.
6:37 of 2nd period - Tyler Steenbergen is hit by Darren Dietz and loses puck.
7:43 of 2nd period - Minor Penalty to Jake Virtanen for Elbowing.
7:44 of 2nd period - Bryce Kindopp wins face-off versus Jacob Nilsson in Moose zone.
7:53 of 2nd period - Shot by Nathan Bastian.
7:53 of 2nd period - Shot Misses the Net.
9:18 of 2nd period - Icing by Reid Boucher.
9:19 of 2nd period - Remi Elie wins face-off versus Jansen Harkins in Bruins zone.
9:37 of 2nd period - Off-side.
9:38 of 2nd period - Nathan Bastian wins face-off versus Remi Elie in neutral zone.
9:43 of 2nd period - Shot by Derek Grant.
9:43 of 2nd period - Stopped by Kaden Fulcher without a rebound.
9:44 of 2nd period - Damien Giroux wins face-off versus Jakob Forsbacka-Karlsson in Moose zone.
9:44 of 2nd period - Damien Giroux is hit by Ryan O'Reilly.
9:51 of 2nd period - Ryan Dmowski is hit by Jesse Graham and loses puck.
9:57 of 2nd period - Off-side.
9:58 of 2nd period - Ryan Mcleod wins face-off versus Igor Shvyrev in neutral zone.
10:29 of 2nd period - Shot by Ryan Mcleod.
10:29 of 2nd period - Shot Misses the Net.
10:31 of 2nd period - Shot by Tyler Steenbergen.
10:31 of 2nd period - Shot Blocked by Julius Honka.
10:37 of 2nd period - Shot by Remi Elie.
10:37 of 2nd period - Shot Misses the Net.
10:44 of 2nd period - Icing by Julius Honka.
10:45 of 2nd period - Igor Shvyrev wins face-off versus Pierre Engvall in Bruins zone.
11:25 of 2nd period - Shot by Pierre Engvall.
11:25 of 2nd period - Stopped by Joey Daccord without a rebound.
11:26 of 2nd period - Derek Grant wins face-off versus Damien Giroux in Bruins zone.
11:43 of 2nd period - Shot by Nathan Bastian.
11:43 of 2nd period - Stopped by Kaden Fulcher without a rebound.
11:44 of 2nd period - Ryan Mcleod wins face-off versus Reid Boucher in Moose zone.
11:44 of 2nd period - Ryan Mcleod is hit by Jansen Harkins.
12:14 of 2nd period - Shot by Hunter Shinkaruk.
12:14 of 2nd period - Deflect By Jansen Harkins.
12:14 of 2nd period - Shot Misses the Net.
12:21 of 2nd period - Icing by Thomas Hickey .
12:22 of 2nd period - Ryan Mcleod wins face-off versus Nathan Bastian in Moose zone.
12:50 of 2nd period - Icing by Michal Kempny.
12:51 of 2nd period - Nathan Bastian wins face-off versus Jacob Nilsson in Bruins zone.
15:11 of 2nd period - Jakob Forsbacka-Karlsson is hit by Ryan Mcleod and loses puck.
15:44 of 2nd period - Shot by Igor Shvyrev.
15:44 of 2nd period - Shot Misses the Net.
15:51 of 2nd period - Minor Penalty to Pierre Engvall for Cross-checking.
15:52 of 2nd period - Jansen Harkins wins face-off versus Jake Virtanen in Moose zone.
16:15 of 2nd period - Shot by Hunter Shinkaruk.
16:15 of 2nd period - Shot Misses the Net.
16:17 of 2nd period - Shot by Reilly Walsh.
16:17 of 2nd period - Stopped by Kaden Fulcher with a rebound.
16:19 of 2nd period - Shot by Michal Kempny.
16:19 of 2nd period - Shot Misses the Net.
16:21 of 2nd period - Shot by Michal Kempny.
16:21 of 2nd period - Stopped by Kaden Fulcher with a rebound.
16:41 of 2nd period - Shot by Derek Grant.
16:41 of 2nd period - Stopped by Kaden Fulcher with a rebound.
16:43 of 2nd period - Shot by Bryce Kindopp.
16:43 of 2nd period - Shot Misses the Net.
16:45 of 2nd period - Shot by Julius Honka.
16:45 of 2nd period - Stopped by Kaden Fulcher without a rebound.
16:46 of 2nd period - Jake Virtanen wins face-off versus Nathan Bastian in Moose zone.
17:08 of 2nd period - Shot by Derek Grant.
17:08 of 2nd period - Stopped by Kaden Fulcher without a rebound.
17:09 of 2nd period - Jansen Harkins wins face-off versus Jake Virtanen in Moose zone.
17:38 of 2nd period - Shot by Reid Boucher.
17:38 of 2nd period - Deflect By Hunter Shinkaruk.
17:38 of 2nd period - Stopped by Kaden Fulcher without a rebound.
17:39 of 2nd period - Bryce Kindopp wins face-off versus Jake Virtanen in Moose zone.
17:58 of 2nd period - Shot by Ryan O'Reilly.
17:58 of 2nd period - Stopped by Kaden Fulcher without a rebound.
17:59 of 2nd period - Damien Giroux wins face-off versus Jakob Forsbacka-Karlsson in Moose zone.
Goals for this period are 0 for Moose vs 0 for Bruins.
Shots for this period are 7 for Moose vs 10 for Bruins.

3rd period


0:01 of 3rd period - Nathan Bastian wins face-off versus Jacob Nilsson in neutral zone.
0:13 of 3rd period - Nathan Bastian is hit by Fredrik Claesson.
0:25 of 3rd period - Icing by Michal Kempny.
0:26 of 3rd period - Damien Giroux wins face-off versus Nathan Bastian in Bruins zone.
0:27 of 3rd period - Shot by Derrick Pouliot.
0:27 of 3rd period - Shot Blocked by Michal Kempny.
0:29 of 3rd period - Shot by Ryan Dmowski.
0:29 of 3rd period - Deflect By Damien Giroux.
0:29 of 3rd period - Shot Misses the Net.
0:41 of 3rd period - Icing by Derrick Pouliot.
0:42 of 3rd period - Damien Giroux wins face-off versus Jansen Harkins in Moose zone.
0:47 of 3rd period - Shot by Damien Giroux.
0:47 of 3rd period - Shot Misses the Net.
0:49 of 3rd period - Shot by Nikita Scherbak.
0:49 of 3rd period - Stopped by Joey Daccord without a rebound.
0:50 of 3rd period - Jacob Nilsson wins face-off versus Jansen Harkins in Bruins zone.
1:17 of 3rd period - Shot by Jansen Harkins.
1:17 of 3rd period - Stopped by Kaden Fulcher without a rebound.
1:18 of 3rd period - Nathan Bastian wins face-off versus Damien Giroux in Moose zone.
1:39 of 3rd period - Shot by Derek Grant.
1:39 of 3rd period - Goal by Derek Grant - Moose : 1 - Bruins : 3.
1:40 of 3rd period - Igor Shvyrev wins face-off versus Jacob Nilsson in neutral zone.
2:14 of 3rd period - Shot by Igor Shvyrev.
2:14 of 3rd period - Stopped by Kaden Fulcher without a rebound.
2:15 of 3rd period - Damien Giroux wins face-off versus Nathan Bastian in Moose zone.
2:41 of 3rd period - Shot by Damien Giroux.
2:41 of 3rd period - Stopped by Joey Daccord without a rebound.
2:42 of 3rd period - Jansen Harkins wins face-off versus Ryan Mcleod in Bruins zone.
2:42 of 3rd period - Jansen Harkins is hit by Ryan Mcleod.
2:48 of 3rd period - Jansen Harkins is hit by Remi Elie and loses puck.
2:55 of 3rd period - Shot by Ryan Mcleod.
2:55 of 3rd period - Goal by Ryan Mcleod - Moose : 2 - Bruins : 3.
2:56 of 3rd period - Jacob Nilsson wins face-off versus Matej Stransky in neutral zone.
3:26 of 3rd period - Icing by Julius Honka.
3:27 of 3rd period - Igor Shvyrev wins face-off versus Damien Giroux in Bruins zone.
3:27 of 3rd period - Igor Shvyrev is hit by Ryan Dmowski.
3:37 of 3rd period - Shot by Igor Shvyrev.
3:37 of 3rd period - Shot Misses the Net.
3:41 of 3rd period - Shot by Igor Shvyrev.
3:41 of 3rd period - Shot Misses the Net.
3:43 of 3rd period - Shot by Igor Shvyrev.
3:43 of 3rd period - Shot Misses the Net.
3:45 of 3rd period - Shot by Igor Shvyrev.
3:45 of 3rd period - Shot Blocked by Nikita Scherbak.
3:56 of 3rd period - Damien Giroux is hit by Derek Grant and loses puck.
4:03 of 3rd period - Shot by Nikita Scherbak.
4:03 of 3rd period - Stopped by Joey Daccord without a rebound.
4:04 of 3rd period - Jacob Nilsson wins face-off versus Jansen Harkins in Bruins zone.
4:04 of 3rd period - Minor Penalty to Michal Kempny for Boarding.
4:05 of 3rd period - Bryce Kindopp wins face-off versus Pierre Engvall in Bruins zone.
4:18 of 3rd period - Shot by Jake Virtanen.
4:18 of 3rd period - Stopped by Joey Daccord without a rebound.
4:19 of 3rd period - Bryce Kindopp wins face-off versus Jacob Nilsson in Bruins zone.
4:57 of 3rd period - Off-side.
4:58 of 3rd period - Damien Giroux wins face-off versus Bryce Kindopp in neutral zone.
6:24 of 3rd period - Shot by Remi Elie.
6:24 of 3rd period - Shot Misses the Net.
6:26 of 3rd period - Shot by Ryan Mcleod.
6:26 of 3rd period - Stopped by Joey Daccord without a rebound.
6:27 of 3rd period - Jacob Nilsson wins face-off versus Jakob Forsbacka-Karlsson in Bruins zone.
6:42 of 3rd period - Shot by Jakob Forsbacka-Karlsson.
6:42 of 3rd period - Deflect By Ryan O'Reilly.
6:42 of 3rd period - Stopped by Kaden Fulcher without a rebound.
6:43 of 3rd period - Nathan Bastian wins face-off versus Ryan Mcleod in Moose zone.
6:56 of 3rd period - Shot by Ryan Mcleod.
6:56 of 3rd period - Deflect By Remi Elie.
6:56 of 3rd period - Shot Misses the Net.
7:32 of 3rd period - Jacob Nilsson is hit by Nathan Bastian and loses puck.
7:56 of 3rd period - Icing by Reid Boucher.
7:57 of 3rd period - Jansen Harkins wins face-off versus Nikita Scherbak in Bruins zone.
8:06 of 3rd period - Nikita Scherbak is hit by Jansen Harkins.
8:20 of 3rd period - Off-side.
8:21 of 3rd period - Igor Shvyrev wins face-off versus Jacob Nilsson in neutral zone.
8:35 of 3rd period - Shot by Jake Virtanen.
8:35 of 3rd period - Shot Misses the Net.
9:38 of 3rd period - Off-side.
9:39 of 3rd period - Ryan Mcleod wins face-off versus Nathan Bastian in neutral zone.
10:19 of 3rd period - Shot by Bryce Kindopp.
10:19 of 3rd period - Stopped by Kaden Fulcher without a rebound.
10:20 of 3rd period - Jansen Harkins wins face-off versus Damien Giroux in Moose zone.
10:23 of 3rd period - Shot by Hunter Shinkaruk.
10:23 of 3rd period - Shot Misses the Net.
10:28 of 3rd period - Icing by Ryan Dmowski.
10:29 of 3rd period - Jansen Harkins wins face-off versus Damien Giroux in Moose zone.
10:46 of 3rd period - Shot by Michal Kempny.
10:46 of 3rd period - Stopped by Kaden Fulcher without a rebound.
10:47 of 3rd period - Igor Shvyrev wins face-off versus Jacob Nilsson in Moose zone.
10:47 of 3rd period - Igor Shvyrev is hit by Fredrik Claesson.
10:56 of 3rd period - Minor Penalty to Igor Shvyrev for Tripping.
10:56 of 3rd period - Minor Penalty to Jake Virtanen for Cross-checking.
10:57 of 3rd period - Bryce Kindopp wins face-off versus Ryan Dmowski in neutral zone.
11:12 of 3rd period - Shot by Nathan Bastian.
11:12 of 3rd period - Shot Misses the Net.
11:14 of 3rd period - Shot by Bryce Kindopp.
11:14 of 3rd period - Stopped by Kaden Fulcher without a rebound.
11:15 of 3rd period - Bryce Kindopp wins face-off versus Ryan Dmowski in Moose zone.
11:16 of 3rd period - Shot by Nathan Bastian.
11:16 of 3rd period - Stopped by Kaden Fulcher with a rebound.
11:42 of 3rd period - Shot by Josh Brook.
11:42 of 3rd period - Deflect By Nathan Bastian.
11:42 of 3rd period - Stopped by Kaden Fulcher without a rebound.
11:43 of 3rd period - Bryce Kindopp wins face-off versus Patrick Maroon in Moose zone.
11:48 of 3rd period - Shot by Bryce Kindopp.
11:48 of 3rd period - Stopped by Kaden Fulcher without a rebound.
11:49 of 3rd period - Bryce Kindopp wins face-off versus Patrick Maroon in Moose zone.
12:10 of 3rd period - Off-side.
12:11 of 3rd period - Derek Grant wins face-off versus Ryan Dmowski in neutral zone.
12:32 of 3rd period - Shot by Jansen Harkins.
12:32 of 3rd period - Stopped by Kaden Fulcher without a rebound.
12:33 of 3rd period - Bryce Kindopp wins face-off versus Patrick Maroon in Moose zone.
12:40 of 3rd period - Shot by Reilly Walsh.
12:40 of 3rd period - Stopped by Kaden Fulcher without a rebound.
12:41 of 3rd period - Ryan Dmowski wins face-off versus Nathan Bastian in Moose zone.
12:41 of 3rd period - Ryan Dmowski is hit by Nathan Bastian.
12:47 of 3rd period - Shot by Ryan Dmowski.
12:47 of 3rd period - Deflect By Pierre Engvall.
12:47 of 3rd period - Stopped by Joey Daccord without a rebound.
12:48 of 3rd period - Ryan Dmowski wins face-off versus Bryce Kindopp in Bruins zone.
13:06 of 3rd period - Reid Boucher is hit by Cameron Schilling and loses puck.
13:15 of 3rd period - Shot by Damien Giroux.
13:15 of 3rd period - Stopped by Joey Daccord without a rebound.
13:16 of 3rd period - Igor Shvyrev wins face-off versus Remi Elie in Bruins zone.
13:33 of 3rd period - Double Minor Penalty to Michael Teply for High sticking.
13:34 of 3rd period - Damien Giroux wins face-off versus Bryce Kindopp in Bruins zone.
13:35 of 3rd period - Shot by Cameron Schilling.
13:35 of 3rd period - Shot Blocked by Josh Brook.
13:37 of 3rd period - Shot by Derrick Pouliot.
13:37 of 3rd period - Shot Misses the Net.
13:39 of 3rd period - Shot by Cameron Schilling.
13:39 of 3rd period - Shot Blocked by Julius Honka.
13:41 of 3rd period - Shot by Damien Giroux.
13:41 of 3rd period - Stopped by Joey Daccord without a rebound.
13:42 of 3rd period - Bryce Kindopp wins face-off versus Jacob Nilsson in Bruins zone.
13:48 of 3rd period - Icing by Thomas Hickey .
13:49 of 3rd period - Nathan Bastian wins face-off versus Jacob Nilsson in Moose zone.
13:56 of 3rd period - Shot by Fredrik Claesson.
13:56 of 3rd period - Shot Misses the Net.
13:58 of 3rd period - Shot by Fredrik Claesson.
13:58 of 3rd period - Deflect By Jake Virtanen.
13:58 of 3rd period - Stopped by Joey Daccord without a rebound.
13:59 of 3rd period - Bryce Kindopp wins face-off versus Jacob Nilsson in Bruins zone.
14:04 of 3rd period - Thomas Hickey is hit by Nathan Bastian and loses puck.
14:11 of 3rd period - Shot by Nathan Bastian.
14:11 of 3rd period - Shot Misses the Net.
15:11 of 3rd period - Nathan Bastian is hit by Nikita Scherbak and loses puck.
15:30 of 3rd period - Shot by Derrick Pouliot.
15:30 of 3rd period - Stopped by Joey Daccord without a rebound.
15:31 of 3rd period - Derek Grant wins face-off versus Damien Giroux in Bruins zone.
15:56 of 3rd period - Shot by Derrick Pouliot.
15:56 of 3rd period - Stopped by Joey Daccord without a rebound.
15:57 of 3rd period - Jacob Nilsson wins face-off versus Derek Grant in Bruins zone.
16:47 of 3rd period - Shot by Nikita Scherbak.
16:47 of 3rd period - Shot Misses the Net.
16:55 of 3rd period - Shot by Ryan Dmowski.
16:55 of 3rd period - Shot Misses the Net.
16:57 of 3rd period - Shot by Derrick Pouliot.
16:57 of 3rd period - Shot Misses the Net.
17:17 of 3rd period - Shot by Jake Virtanen.
17:17 of 3rd period - Shot Misses the Net.
17:19 of 3rd period - Shot by Pierre Engvall.
17:19 of 3rd period - Goal by Pierre Engvall - Moose : 3 - Bruins : 3.
17:20 of 3rd period - Ryan Mcleod wins face-off versus Jansen Harkins in neutral zone.
17:25 of 3rd period - Shot by Alec Regula.
17:25 of 3rd period - Shot Blocked by Jansen Harkins.
17:30 of 3rd period - Reid Boucher is hit by Ryan Mcleod.
17:46 of 3rd period - Shot by Jansen Harkins.
17:46 of 3rd period - Goal by Jansen Harkins - Moose : 3 - Bruins : 4.
17:47 of 3rd period - Igor Shvyrev wins face-off versus Damien Giroux in neutral zone.
18:28 of 3rd period - Shot by Matej Stransky.
18:28 of 3rd period - Stopped by Kaden Fulcher with a rebound.
18:49 of 3rd period - Shot by Reid Boucher.
18:49 of 3rd period - Stopped by Kaden Fulcher without a rebound.
18:50 of 3rd period - Jacob Nilsson wins face-off versus Jakob Forsbacka-Karlsson in Moose zone.
19:01 of 3rd period - Moose, Kaden Fulcher is pulled from the net.
19:26 of 3rd period - Shot by Derrick Pouliot.
19:26 of 3rd period - Shot Misses the Net.
19:30 of 3rd period - Shot by Jake Virtanen.
19:30 of 3rd period - Stopped by Joey Daccord without a rebound.
19:31 of 3rd period - Jacob Nilsson wins face-off versus Nathan Bastian in Bruins zone.
Goals for this period are 2 for Moose vs 2 for Bruins.
Shots for this period are 14 for Moose vs 15 for Bruins.